 Dungeon Crawl Stone Soup version 0.28-a0-664-gc179e30c89 (webtiles) character file.

Game seed: 6747887912537360201

10869 jasper the Cleaver (level 11, -11/86 HPs)
             Began as a Demonspawn Cinder Acolyte on Oct 16, 2021.
             Was a Priest of Ignis.
             Mangled by a shadow (29 damage)
             ... on level 10 of the Dungeon.
             The game lasted 00:25:56 (17816 turns).

jasper the Cleaver (Demonspawn Cinder Acolyte)     Turns: 17816, Time: 00:25:57

Health: -11/86     AC:  8    Str: 16    XL:     11   Next: 41%
Magic:  10/12      EV: 13    Int: 15    God:    Ignis [***...]
Gold:   742        SH: 11    Dex: 15    Spells: 7/12 levels left

rFire   + + +      SeeInvis .   n - +1 war axe (flame)
rCold   . . .      Faith    .   m - +2 buckler of Forchepa {rF+ rN+ rCorr Dex+4}
rNeg    + . .      Spirit   .   k - +0 ring mail
rPois   +          Reflect  .   (helmet unavailable)
rElec   .          Harm     .   (no cloak)
rCorr   +          Rampage  .   h - +1 pair of gloves
Will    .....                   (no boots)
Stlth   +.........              (no amulet)
HPRegen 0.24/turn               v - ring of protection from fire
MPRegen 0.13/turn               I - ring of poison resistance

@: studying Shields
A: horns 3, large bone plates 1, foul stench 1, powered by death 1
a: Renounce Religion, Sea of Fire, Foxfire Swarm, Rising Flame


You were on level 10 of the Dungeon.
You worshipped Ignis.
Ignis was most pleased with you.
You visited 1 branch of the dungeon, and saw 11 of its levels.

You collected 829 gold pieces.
You spent 87 gold pieces at shops.

Inventory:

Hand Weapons
 a - a +0 hand axe of freezing
 n - a +1 war axe of flaming (weapon)
 z - a +0 battleaxe
 G - a +0 broad axe
 J - a +0 vorpal battleaxe
Missiles
 d - 371 stones (quivered)
 j - 3 curare-tipped darts
 l - 2 javelins
 u - 7 boomerangs
Armour
 b - a +0 robe
 g - a +0 chain mail
 h - a +1 pair of gloves (worn)
 k - a +0 ring mail (worn)
 m - the +2 buckler of Forchepa (worn) {rF+ rN+ rCorr Dex+4}
   (You found it on level 5 of the Dungeon)

   Dex:       It affects your dexterity (+4).
   rF:        It protects you from fire.
   rN:        It protects you from negative energy.
   rCorr:     It protects you from acid and corrosion.
 w - a +0 chain mail
 E - a +0 scale mail
Jewellery
 e - a ring of fire
 v - a ring of protection from fire (left hand)
 I - a ring of poison resistance (right hand)
Wands
 c - a wand of iceblast (11)
 B - a wand of polymorph (9)
 H - a wand of digging (5)
Scrolls
 f - 2 scrolls of blinking
 p - 2 scrolls of teleportation
 q - a scroll of magic mapping
 y - 4 scrolls of enchant weapon
 C - 2 scrolls of fear
Potions
 i - 4 potions of mutation
 o - a potion of curing
 r - a potion of degeneration
 s - a potion of attraction
 t - a potion of might
 x - a potion of haste
 F - a potion of magic


   Skills:
 + Level 7.8 Fighting
 * Level 10.7 Axes
 - Level 5.0 Armour
 + Level 6.5 Dodging
 - Level 4.0 Shields
 - Level 1.0 Spellcasting
 - Level 5.0 Hexes
 - Level 5.0 Fire Magic


You had 7 spell levels left.
You knew the following spells:

 Your Spells              Type           Power      Damage    Failure   Level
a - Scorch                Fire           30%        2d7       9%          2
b - Inner Flame           Hex/Fire       15%        N/A       17%         3

Your spell library contained the following spells:

 Spells                   Type           Power      Damage    Failure   Level
 Foxfire                  Conj/Fire      32%        2x1d5     16%         1
 Ensorcelled Hibernation  Hex/Ice        16%        N/A       24%         2
 Magic Dart               Conj           0%         1d3       41%         1
 Conjure Flame            Conj/Fire      8%         6-21      43%         3
 Portal Projectile        Hex/Tloc       16%        N/A       43%         3
 Call Imp                 Summ           0%         N/A       54%         2
 Mephitic Cloud           Conj/Pois/Air  0%         N/A       78%         3
 Spider Form              Tmut/Pois      0%         N/A       78%         3
 Flame Wave               Conj/Fire      8%         3d4       83%         4
 Blade Hands              Tmut           0%         N/A       100%        5
 Excruciating Wounds      Necr           0%         N/A       100%        5


Dungeon Overview and Level Annotations

Branches:
Dungeon (11/15)            Temple (0/1) D:5            Lair (0/6) D:10
    Orc (0/2) D:9

Altars:
Ashenzari
Dithmenos
Elyvilon
Fedhas
Makhleb
Okawaru
Qazlal
Uskayaw
Yredelemnul
Beogh

Shops:
D:5 (   D:9 [


Innate Abilities, Weirdness & Mutations

You have a pair of large horns on your head.
You are partially covered in large bone plates. (SH +4)
You may rarely emit foul miasma when damaged in melee.
You regenerate a little health from kills.


Message History

Deactivating autopickup; reactivate with Ctrl-A.
You slash something! You burn something. Your headbutt misses something.
The shadow strikes at you from the darkness!
* * * LOW HITPOINT WARNING * * *
Reactivating autopickup.
You emit a cloud of foul miasma!
You take 29 damage, and have 11/86 hp.
MASSIVE DAMAGE!!
You hit the shadow but do no damage.
You headbutt the shadow, but do no damage.
The shadow is severely damaged.
The shadow slips into darkness.
The shadow flickers and vanishes!
Deactivating autopickup; reactivate with Ctrl-A.
You feel better.
The shadow strikes at you from the darkness!
Reactivating autopickup.
You regained 12 hp, and now have 23/86 hp.
MP restored: 12 You feel better.
The shadow slips into darkness.
The shadow flickers and vanishes!
Deactivating autopickup; reactivate with Ctrl-A.
You regained 8 hp, and now have 31/86 hp.
The shadow strikes at you from the darkness!
* * * LOW HITPOINT WARNING * * *
Reactivating autopickup.
You climb upwards.
There is a stone staircase leading down here.
You take 23 damage, and have 8/86 hp.
MASSIVE DAMAGE!!
You feel better.
The shadow slips into darkness.
The shadow flickers and vanishes!
Deactivating autopickup; reactivate with Ctrl-A.
You regained 10 hp, and now have 18/86 hp.
Okay, then.
Casting: Inner Flame (dangerous; 17% risk of failure)
Confirm with . or Enter, or press ? or * to list all spells.
Flames lash something.
The shadow strikes at you from the darkness!
You die...

##......##.................###
#............................##
..............................###
.........##.....................#
........##.#..............[......
........#........................
..........##..##.............#..#
...##........................#..#
...##..........{@..............##
..............................##
..................##...........#
#.####.........................#
..................#..#.......###
###...............#..#......##
.###................##.#...<.#
.#...............####...###.##
.....^..........###≈≈...≈≈#.#


There were no monsters in sight!

Vanquished Creatures
  A centaur warrior (D:8)
  2 two-headed ogres
  A cyclops (D:11)
  Joseph (D:8)
  2 trolls
  Sigmund (D:4)
  3 wyverns
  A basilisk (D:8)
  A wraith (D:9)
  15 yaks
  A steam dragon (D:8)
  4 vampire mosquitoes
  A water moccasin (D:6)
  4 orc warriors
  A sky beast (D:7)
  An ice beast (D:7)
  3 ogres
  2 centaurs
  3 phantoms
  19 killer bees
  The ghost of demibob the Chopper, a weakling MiFi (D:3)
  A wight (D:7)
  2 howler monkeys (D:8)
  A jelly (D:4)
  8 orc priests
  4 centaur skeletons
  7 centaur zombies
  A hound (D:4)
  3 iguanas
  A bullfrog skeleton (D:4)
  9 orc wizards
  5 ogre zombies (D:9)
  A hound zombie (D:3)
  3 hound skeletons
  3 howler monkey zombies
  3 gnolls (D:5)
  A howler monkey skeleton (D:3)
  8 adders
  6 white imps
  2 worms (D:2)
  2 adder skeletons (D:3)
  11 dart slugs
  48 orcs
  5 endoplasms
  6 giant cockroaches
  7 goblins
  5 hobgoblins
  2 jackals (D:1)
  9 kobolds
  5 quokkas
  10 ball pythons
  7 bats
  3 frilled lizards (D:1)
  A giant cockroach zombie (D:3)
  2 goblin skeletons (D:9)
  3 goblin zombies (D:9)
  2 hobgoblin skeletons (D:9)
  4 hobgoblin zombies (D:9)
  2 orc skeletons (D:9)
  4 orc zombies (D:9)
  A quokka zombie (D:3)
  5 rats
281 creatures vanquished.

Vanquished Creatures (others)
  An orc wizard (D:8)
  95 foxfires
  3 withered plants (D:3)
99 creatures vanquished.

Grand Total: 380 creatures vanquished

Notes
Turn   | Place    | Note
-------+----------+-------------------------------------------
     0 | D:1      | jasper the Demonspawn Cinder Acolyte began the quest for
                  | the Orb.
     0 | D:1      | Reached XP level 1. HP: 18/18 MP: 2/2
   290 | D:1      | Reached skill level 3 in Axes
   548 | D:1      | Gained mutation: You regenerate a little health from kills.
                  | [demonic ancestry]
   548 | D:1      | Reached XP level 2. HP: 22/24 MP: 3/3
  1031 | D:1      | Gained mutation: You are partially covered in large bone
                  | plates. (SH +4) [demonic ancestry]
  1031 | D:1      | Reached XP level 3. HP: 28/29 MP: 4/4
  1254 | D:1      | Found a faded altar of an unknown god.
  2001 | D:2      | Reached skill level 4 in Axes
  3231 | D:2      | Gained mutation: You may rarely emit foul miasma when
                  | damaged in melee. [demonic ancestry]
  3231 | D:2      | Reached XP level 4. HP: 35/35 MP: 5/5
  3589 | D:2      | Learned a level 2 spell: Scorch
  4301 | D:3      | Found a runed translucent gate.
  4613 | D:3      | Found a runed translucent gate.
  4613 | D:3      | Found a runed translucent gate.
  4616 | D:3      | Noticed demibob's ghost (weakling MiFi)
  4640 | D:3      | Reached skill level 5 in Axes
  4750 | D:4      | Gained mutation: You have a pair of small horns on your
                  | head. [demonic ancestry]
  4750 | D:4      | Reached XP level 5. HP: 41/41 MP: 6/6
  4986 | D:4      | Found a burning altar of Makhleb.
  5247 | D:4      | Noticed Sigmund
  5273 | D:4      | Killed Sigmund
  5274 | D:4      | Reached skill level 6 in Axes
  5274 | D:4      | Gained mutation: You have a pair of horns on your head.
                  | [demonic ancestry]
  5274 | D:4      | Reached XP level 6. HP: 47/47 MP: 7/7
  5484 | D:4      | Found a blossoming altar of Fedhas.
  6013 | D:5      | Entered Level 5 of the Dungeon
  6072 | D:5      | Found Defienam's Antique Weapon Shoppe.
  6078 | D:5      | Identified the +2 buckler of Forchepa {rF+ rN+ rCorr Dex+4}
  6082 | D:5      | Bought a war axe for 87 gold pieces
  6385 | D:5      | Reached skill level 1 in Shields
  6621 | D:5      | Found a shadowy altar of Dithmenos.
  6706 | D:5      | Found a staircase to the Ecumenical Temple.
  6896 | D:5      | Found a stormy altar of Qazlal.
  6920 | D:5      | Reached XP level 7. HP: 45/52 MP: 1/8
  7839 | D:6      | Noticed a two-headed ogre
  7843 | D:6      | Killed a two-headed ogre
  7844 | D:6      | Reached skill level 8 in Axes
  7844 | D:6      | Reached XP level 8. HP: 58/58 MP: 9/9
  8358 | D:6      | Reached skill level 9 in Axes
  9074 | D:3      | Found a hide-covered altar of Uskayaw.
  9519 | D:3      | Found an iron altar of Okawaru.
  9651 | D:3      | Reached skill level 10 in Axes
  9815 | D:3      | Killed demibob's ghost
  9833 | D:3      | Reached XP level 9. HP: 63/63 MP: 7/10
 10013 | D:7      | Identified a scroll of acquirement
 10013 | D:7      | Acquired a manual of Shields
 10023 | D:7      | Reached skill level 1 in Armour
 10023 | D:7      | Reached skill level 1 in Dodging
 11396 | D:8      | Learned a level 3 spell: Inner Flame
 11870 | D:8      | Noticed a centaur warrior
 11891 | D:8      | Killed a centaur warrior
 12174 | D:8      | Reached skill level 5 in Fighting
 12220 | D:8      | Reached XP level 10. HP: 18/74 MP: 7/11
 12698 | D:8      | Reached skill level 5 in Fire Magic
 13643 | D:8      | Reached skill level 1 in Hexes
 13753 | D:8      | Found a basalt altar of Yredelemnul.
 13890 | D:8      | Noticed Joseph
 13912 | D:8      | Killed Joseph
 14112 | D:9      | Found a broken altar of Ashenzari.
 14121 | D:9      | Noticed a two-headed ogre
 14133 | D:9      | Killed a two-headed ogre
 14567 | D:9      | Found a staircase to the Orcish Mines.
 14608 | D:9      | Reached skill level 5 in Armour
 14608 | D:9      | Reached skill level 5 in Dodging
 14931 | D:9      | Found Labuefem's Armour Boutique.
 15352 | D:9      | Gained mutation: You have a pair of large horns on your
                  | head. [demonic ancestry]
 15352 | D:9      | Reached XP level 11. HP: 75/84 MP: 3/12
 15888 | D:10     | Entered Level 10 of the Dungeon
 16126 | D:10     | Found a staircase to the Lair.
 17560 | D:11     | Reached skill level 5 in Hexes
 17816 | D:10     | Mangled by a shadow

Illustrated notes

Levels and vault maps discovered:
D:1:      dpeg_arrival_water_fire, layout_basic,
          dilly_ecumenical_altar_fadedgnrine
D:2:      layout_basic
D:3:      layout_loops_cross, okawaru_gym_becter, old_standard_altar,
          gammafunk_ghost_necromancy, serial_undead, serial_undead_a,
          serial_undead_e, serial_undead_c, serial_undead_f,
          minmay_misc_feat_encased, feat_on_display
D:4:      layout_basic, lightli_temple_of_fire, fedhas_altar_4, uniq_sigmund
D:5:      kennysheep_slugbush, layout_basic, grunt_qazlal_sundering,
          nicolae_dithmenos_the_darkroom, minmay_temple_entry_statues_pillars,
          serial_shops, shop
D:6:      layout_rooms
D:7:      layout_gridville, st_stairs_2
D:8:      minmay_cornered_nines, layout_loops_corners,
          yredelemnul_altar_generic, special_room [special_room_orc], eino_jars,
          uniq_joseph
D:9:      layout_roguey, cheibrodos_ashenzari_chains, zombieorc1_lemuel,
          serial_shops, shop_fountains
D:10:     layout_cave_pools, elyvilon_altar_4, lair_entry_dummy
D:11:     layout_layer_cave

Skill      XL: |  1  2  3  4  5  6  7  8  9 10 11 |
---------------+----------------------------------+-----
Axes           | 3 4 5 6 8 10 | 10.7
Shields        | 2 4 |  4.0
Armour         | 3 5 |  5.0
Dodging        | 3 5 6 |  6.5
Fire Magic     | 4 5 |  5.0
Fighting       | 5 7 |  7.8
Hexes          | 4 5 |  5.0
Spellcasting   | |  1.0

Action                   |  1- 3 |  4- 6 |  7- 9 | 10-12 || total
-------------------------+-------+-------+-------+-------++-------
Melee: Hand axe          |   132 |   161 |    26 |       ||   319
       Headbutt          |       |    19 |    53 |    74 ||   146
       War axe           |       |       |   214 |   348 ||   562
Throw: Stone             |    44 |    74 |    20 |     1 ||   139
       Dart              |       |       |     1 |       ||     1
 Cast: Scorch            |       |     8 |    26 |    27 ||    61
       Inner Flame       |       |       |       |     7 ||     7
Invok: Foxfire Swarm     |     3 |     3 |       |       ||     6
Evoke: Wand              |       |       |    14 |       ||    14
  Use: Scroll            |     3 |     1 |    10 |     4 ||    18
       Potion            |       |       |     4 |     4 ||     8
 Stab: Invisible         |       |       |     4 |       ||     4
Armor: Robe              |    15 |       |       |       ||    15
       Chain mail        |    44 |       |       |       ||    44
       Ring mail         |     6 |    46 |    46 |    87 ||   185
Dodge: Dodged            |    68 |    59 |    71 |   185 ||   383
Block: Other             |     9 |     7 |       |       ||    16
       Buckler           |       |    23 |   102 |   204 ||   329

Table legend: (Time is in decaauts)
 A = Elapsed time spent in this place.
 B = Non-inter-level travel time spent in this place.
 C = Inter-level travel time spent in this place.
 D = Time resting spent in this place.
 E = Time spent auto-exploring this place.
 F = Levels seen in this place.
 G = Mean time per level.
                   A        B        C        D        E       F      G
               +--------+--------+--------+--------+--------+-----+--------+
         Total |  17892 |  16729 |   1163 |   5672 |   8275 |  11 | 1626.5 |
       Dungeon |  17892 |  16729 |   1163 |   5672 |   8275 |  11 | 1626.5 |
               +--------+--------+--------+--------+--------+-----+--------+

Top non-repeatable levels by time:
     D:8: 2923 daAuts
     D:2: 2536 daAuts
     D:9: 1801 daAuts
     D:1: 1759 daAuts
     D:5: 1564 daAuts
     D:4: 1500 daAuts
     D:7: 1415 daAuts
     D:3: 1308 daAuts
    D:10: 1161 daAuts
     D:6: 1152 daAuts
    D:11: 769 daAuts
